 Dungeon Crawl Stone Soup version 0.25.1-2-g60ff931df9 (webtiles) character file.

Game seed: 17107527427488611026

56 DildoBatman the Conjurer (level 4, 0/30 HPs)
             Began as a Formicid Wizard on Aug 28, 2020.
             Slain by a jackal (2 damage)
             ... on level 2 of the Dungeon.
             The game lasted 00:04:48 (1865 turns).

DildoBatman the Conjurer (Formicid Wizard)          Turns: 1865, Time: 00:04:49

Health: 0/30       AC:  2    Str: 12    XL:     4   Next: 17%
Magic:  8/8        EV: 12    Int: 18    God:
Gold:   28         SH:  0    Dex:  9    Spells: 2/9 levels left

rFire    . . .     SeeInvis +   b - +0 club
rCold    . . .     Gourm    .   (no shield)
rNeg     . . .     Faith    +   a - +0 robe
rPois    .         Spirit   .   (helmet unavailable)
rElec    .         Reflect  .   (no cloak)
rCorr    .         Harm     .   (no gloves)
MR       .....                  (no boots)
Stlth    ++........             c - amulet of faith
HPRegen  0.10/turn              (no ring)
MPRegen  0.11/turn              (no ring)

@: no status effects
A: permanent stasis, dig shafts and tunnels, four strong arms, antennae 3
a: Dig, Shaft Self


You were on level 2 of the Dungeon.
You were not hungry.

You visited 1 branch of the dungeon, and saw 2 of its levels.

You collected 28 gold pieces.

Inventory:

Hand Weapons
 b - a +0 club (weapon)
 h - a +0 hunting sling
Missiles
 d - 150 stones (quivered)
 f - 78 arrows
Armour
 a - a +0 robe (worn)
Jewellery
 c - an amulet of faith (around neck)
Scrolls
 i - 2 scrolls of identify {unknown}
Potions
 e - a potion of heal wounds
 g - a potion of haste {unknown}
Comestibles
 j - 2 chunks of flesh
 v - 2 rations


   Skills:
 - Level 1.7 Dodging
 - Level 2.4 Stealth
 - Level 3.2 Spellcasting
 * Level 3.3 Conjurations
   Level 1.0 Summonings
   Level 0.8 Translocations


You had 2 spell levels left.
You knew the following spells:

 Your Spells              Type           Power        Failure   Level  Hunger
a - Conjure Flame         Conj/Fire      #.......     24%         3    ###....
c - Magic Dart            Conj           ###.         4%          1    None
e - Mephitic Cloud        Conj/Pois/Air  #.......     30%         3    ###....

Your spell library contained the following spells:

 Spells                   Type           Power        Failure   Level  Hunger
 Call Imp                 Summ           #.......     16%         2    ##.....
 Slow                     Hex            #.......     24%         2    ##.....
 Blink                    Tloc           Unusable     N/A         2    N/A

Dungeon Overview and Level Annotations

Branches:
Dungeon (2/15)

Altars:
Trog

Annotations:
D:2 exclusion: worm


Innate Abilities, Weirdness & Mutations

You cannot be hasted, slowed, berserked, paralysed or teleported.
You can dig through walls and to a lower floor.
Your four strong arms can wield two-handed weapons with a shield.
You have a pair of large antennae on your head. (SInv)


Message History

The jackal closely misses you. What are your orders? t - Shout!
Orders for allies: a - Attack new target. r - Retreat! s - Stop attacking. g - Guard the area. f - Follow me.
Anything else - Cancel.
You shout for attention!
The jackal closely misses you.
Some of the chunks of flesh in your inventory have rotted away.
What are your orders? t - Shout!
Orders for allies: a - Attack new target. r - Retreat! s - Stop attacking. g - Guard the area. f - Follow me.
Anything else - Cancel.
You shout for attention!
The jackal closely misses you. The jackal bites you.
You die...

.....................#
.....................#
....###..............# {
.....................###
.......................#
.................#####.#
.................# #.#
....÷..........h>#####.#########
................@..÷÷..........#
.................#############.#
###..[#.)........# #.#
#...............# ###'##
#...............# #.....
#...............# #######.....
#...............# #...........
#...............# #...........
#.............. #...........


You could see a jackal.

Vanquished Creatures
  2 adders (D:2)
  2 dart slugs (D:1)
  3 leopard geckos
  2 giant cockroaches (D:2)
  A goblin (D:1)
  7 hobgoblins
  3 jackals
  A bat (D:1)
  4 frilled lizards (D:2)
  4 kobolds
  3 rats
32 creatures vanquished.

Notes
Turn   | Place    | Note
-------+----------+-------------------------------------------
     0 | D:1      | DildoBatman the Formicid Wizard began the quest for the
                  | Orb.
     0 | D:1      | Reached XP level 1. HP: 13/13 MP: 4/4
    26 | D:1      | Reached skill level 1 in Conjurations
   234 | D:1      | Reached XP level 2. HP: 16/19 MP: 0/6
  1085 | D:1      | Reached XP level 3. HP: 24/24 MP: 3/7
  1090 | D:1      | Learned a level 3 spell: Conjure Flame
  1094 | D:1      | Learned a level 3 spell: Mephitic Cloud
  1284 | D:2      | Found a bloodstained altar of Trog.
  1789 | D:2      | Reached XP level 4. HP: 16/30 MP: 0/8
  1865 | D:2      | Slain by a jackal

Illustrated notes

Levels and vault maps discovered:
D:1:      tarquinn_simple_flora_water_e, layout_basic
D:2:      layout_basic, lightli_temple_of_fire, uniq_sigmund,
          uniq_crazy_yiuf_cottage

Skill      XL: |  1  2  3 |
---------------+----------+-----
Conjurations   | 1 2 3 |  3.3
Dodging        | |  1.7
Stealth        | |  2.4
Spellcasting   | |  3.2
Summonings     | |  1.0
Translocations | |  0.8

Action                   |  1- 3 |  4- 6 || total
-------------------------+-------+-------++-------
Melee: Club              |    25 |       ||    25
Throw: Stone             |     2 |       ||     2
 Cast: Magic Dart        |    90 |       ||    90
       Mephitic Cloud    |     1 |       ||     1
 Abil: Dig               |     6 |       ||     6
  Use: Potion            |     1 |       ||     1
 Stab: Sleeping          |     1 |       ||     1
  Eat: Ration            |     1 |       ||     1
Armor: Robe              |    11 |     9 ||    20
Dodge: Dodged            |    42 |    37 ||    79
